 Dungeon Crawl Stone Soup version 0.27-a0-1186-g8b4daa1eef (webtiles) character file.

Game seed: 3820193107444554277

116 siradein the Slasher (level 4, -4/33 HPs)
             Began as a Demonspawn Gladiator on May 20, 2021.
             Slain by a gnoll
             ... wielding a +0 whip
              (8 damage)
             ... on level 1 of the Dungeon.
             The game lasted 00:08:59 (2294 turns).

siradein the Slasher (Demonspawn Gladiator)         Turns: 2294, Time: 00:09:00

Health: -4/33      AC:  4    Str: 15    XL:     4   Next: 69%
Magic:  4/4        EV: 12    Int: 10    God:
Gold:   74         SH:  0    Dex: 16    Spells: 3/3 levels left

rFire    . . .     SeeInvis .   a - +0 long sword
rCold    . . .     Faith    .   (no shield)
rNeg     . . .     Spirit   .   b - +0 leather armour
rPois    .         Reflect  .   c - +0 helmet
rElec    .         Harm     .   (no cloak)
rCorr    .         Rampage  .   (no gloves)
Will     .....                  (no boots)
Stlth    ++........             (no amulet)
HPRegen  0.11/turn              (no ring)
MPRegen  0.09/turn              (no ring)

@: no status effects
A: thin skeletal structure 1
a: no special abilities


You were on level 1 of the Dungeon.
You visited 1 branch of the dungeon, and saw 2 of its levels.

You collected 74 gold pieces.

Inventory:

Hand Weapons
 a - a +0 long sword (weapon)
Missiles
 d - 3 throwing nets
 h - 51 poisoned darts (quivered)
Armour
 b - a +0 leather armour (worn)
 c - a +0 helmet (worn)
Scrolls
 e - a scroll of holy word {unknown}
 f - a scroll of teleportation {unknown}
 g - a scroll of vulnerability {unknown}
 l - a scroll of amnesia {unknown}
 m - a scroll of enchant weapon {unknown}
Potions
 i - a potion of brilliance {unknown}
 j - a potion of degeneration {unknown}
 k - a potion of flight {unknown}


   Skills:
 - Level 2.0 Fighting
 + Level 5.0 Long Blades
 - Level 1.7 Throwing
 - Level 2.6 Dodging


You had 3 spell levels left.
You didn't know any spells.
Your spell library contained the following spells:

 Spells                   Type           Power      Damage    Failure   Level
 Summon Small Mammal      Summ           0%         N/A       43%         1
 Call Imp                 Summ           0%         N/A       56%         2
 Call Canine Familiar     Summ           0%         N/A       80%         3
 Summon Guardian Golem    Hex/Summ       0%         N/A       80%         3
 Summon Ice Beast         Ice/Summ       0%         N/A       99%         4
 Summon Lightning Spire   Summ/Air       0%         N/A       99%         4


Dungeon Overview and Level Annotations

Branches:
Dungeon (2/15)

Altars:

Annotations:
D:2 1 runed translucent door, Crazy Yiuf


Innate Abilities, Weirdness & Mutations

You have a somewhat thin skeletal structure. (Dex +2, Stealth+)


Message History

The gnoll is moderately wounded.
You closely miss the gnoll.
The gnoll is moderately wounded.
The gnoll hits you with a +0 club.
You hit the gnoll but do no damage.
The gnoll is moderately wounded.
The gnoll closely misses you.
You hit the gnoll.
The gnoll is heavily wounded.
The gnoll hits you with a +0 club!
You hit the gnoll.
The gnoll is severely wounded.
The gnoll hits you with a +0 club.
You are too injured to fight recklessly!
You slash the gnoll!
You kill the gnoll!
Your Long Blades skill increases to level 5!
You hit the gnoll.
The gnoll is heavily wounded.
The gnoll hits you with a +0 whip.
You closely miss the gnoll.
The gnoll is heavily wounded.
The gnoll hits you but does no damage.
A dart slug comes into view.
You see here a +0 mace.
There is a stone staircase leading up here.
You barely miss the gnoll.
The gnoll is lightly wounded.
The gnoll hits you with a +0 whip!
You hit the gnoll.
The gnoll is lightly wounded.
The gnoll hits you with a +0 whip.
* * * LOW HITPOINT WARNING * * *
The gnoll closely misses you.
You climb upwards.
There is a stone staircase leading down here.
The gnoll hits you with a +0 whip.
* * * LOW HITPOINT WARNING * * *
The gnoll hits you with a +0 whip!
You die...

#....# #.#.#.# #....# #.#.#.####
##############....######.#.......
....)....................#.#.####
##############....########.#.# #
................### #......#.# #
............###.# #.######.# #
............###.#####.# #.# #
............+...@.>##.# #.# #
............###.#g.##.# #.# #
.#####'###### #.#..##.# #.# #
###...(...#####.#..##.# #.# #
......⌠.......#)#.....# #.# #
##..⌠...⌠..##...##.#########.# #
##.......#####......).......# #
##..⌠..## ####.########### #
##...## #.# #


You could see a gnoll.

Vanquished Creatures
  A jelly (D:2)
  2 gnolls (D:2)
  2 dart slugs (D:1)
  8 endoplasms
  3 giant cockroaches
  4 goblins
  5 hobgoblins
  10 jackals
  3 kobolds (D:1)
  A quokka (D:1)
  3 ball pythons
  5 bats
  3 frilled lizards
  2 rats (D:1)
52 creatures vanquished.

Notes
Turn   | Place    | Note
-------+----------+-------------------------------------------
     0 | D:1      | siradein the Demonspawn Gladiator began the quest for the
                  | Orb.
     0 | D:1      | Reached XP level 1. HP: 16/16 MP: 1/1
    32 | D:1      | Reached skill level 3 in Long Blades
    36 | D:1      | Gained mutation: You have a somewhat thin skeletal
                  | structure. (Dex +2, Stealth+) [demonic ancestry]
    36 | D:1      | Reached XP level 2. HP: 16/22 MP: 2/2
   899 | D:1      | Reached XP level 3. HP: 26/27 MP: 3/3
   988 | D:1      | Reached skill level 4 in Long Blades
  1224 | D:1      | Found a faded altar of an unknown god.
  1360 | D:2      | Found a runed translucent door.
  1361 | D:2      | Noticed Crazy Yiuf
  1482 | D:2      | Reached XP level 4. HP: 16/33 MP: 4/4
  2201 | D:2      | Reached skill level 5 in Long Blades
  2294 | D:1      | Slain by a gnoll

Illustrated notes

Levels and vault maps discovered:
D:1:      dpeg_arrival_leaves_temple_mockup, layout_basic,
          shapermc_ecumenical_altar_mp_vishouse, minmay_pentomino_x4
D:2:      layout_basic, uniq_crazy_yiuf_cottage, uniq_natasha

Skill      XL: |  1  2  3  4 |
---------------+-------------+-----
Long Blades    | 3 4 5 |  5.0
Fighting       | |  2.0
Throwing       | |  1.7
Dodging        | |  2.6

Action                   |  1- 3 |  4- 6 || total
-------------------------+-------+-------++-------
Melee: Long sword        |    82 |    33 ||   115
 Stab: Sleeping          |     5 |       ||     5
Armor: Leather armour    |    26 |     8 ||    34
Dodge: Dodged            |    62 |    27 ||    89
       Rpst.: Long sword |    17 |     5 ||    22

Table legend: (Time is in decaauts)
 A = Elapsed time spent in this place.
 B = Non-inter-level travel time spent in this place.
 C = Inter-level travel time spent in this place.
 D = Time resting spent in this place.
 E = Time spent auto-exploring this place.
 F = Levels seen in this place.
 G = Mean time per level.
                   A        B        C        D        E       F      G
               +--------+--------+--------+--------+--------+-----+--------+
         Total |   2316 |   2299 |     17 |      0 |   1874 |   2 | 1158.0 |
       Dungeon |   2316 |   2299 |     17 |      0 |   1874 |   2 | 1158.0 |
               +--------+--------+--------+--------+--------+-----+--------+

Top non-repeatable levels by time:
     D:1: 1349 daAuts
     D:2: 966 daAuts
